Map: Ice and Chrome LE

Players

SuperNova

  • Race: Terran Terran
  • League: Master
  • Spawn Location: 7:00

SortOf - Winner!

  • Race: Zerg Zerg
  • League: Grandmaster
  • Spawn Location: 1:00

Event: War Chest Team League

VOD

Have the link to the VOD?

Description

Time

  • Played on: July 24, 2020, 10:47 a.m.
  • Length: 23:11
Show
View Real Time Build Order
Export as new Build Order

SuperNova Terran 

Build Orders: Reaper Expand, Hellion Banshee, Mech 

Get SALT Encoding   

  12  0:01  SCV  
  13  0:13  SCV  
  14  0:17  Supply Depot  
  14  0:25  SCV  
  15  0:38  SCV  
  15  0:39  Barracks  
  16  0:43  Refinery  
  16  0:50  SCV  
  17  1:02  SCV  
  18  1:15  SCV  
  19  1:27  Reaper, Orbital Command  
  20  1:39  Command Center  
  20  1:49  Supply Depot  
  20  1:53  SCV  
  21  1:58  Marine  
  22  2:05  Factory  
  22  2:08  SCV  
  23  2:15  Refinery  
  23  2:20  SCV, Barracks Reactor  
  24  2:32  SCV  
  25  2:45  SCV  
  25  2:49  Starport  
  26  2:51  Orbital Command  
  26  2:59  SCV  
  26  3:00  Hellion x2  
  26  3:03  Barracks Tech Lab  
  31  3:09  Supply Depot  
  31  3:11  SCV  
  32  3:18  SCV  
  33  3:22  Hellion x2  
  33  3:24  SCV  
  38  3:30  SCV  
  38  3:33  Cloaking Field  
  39  3:36  Banshee  
  39  3:39  Supply Depot  
  42  3:46  Hellion x2  
  46  3:51  SCV x2  
  48  4:03  SCV x2  
  48  4:09  Command Center  
  50  4:15  Supply Depot  
  50  4:17  SCV x2  
  50  4:20  Banshee  
  55  4:26  Hellion x2  
  59  4:38  SCV  
  58  4:40  SCV  
  58  4:44  Refinery  
  57  4:45  Refinery  
  57  4:50  SCV  
  54  4:54  Widow Mine  
  54  4:55  Widow Mine  
  54  4:56  SCV  
  54  5:02  SCV  
  54  5:04  Factory x2  
  54  5:05  Engineering Bay  
  55  5:08  SCV  
  56  5:14  SCV  
  56  5:20  SCV, Starport Reactor  
  58  5:22  Widow Mine x2  
  58  5:26  SCV  
  63  5:30  Orbital Command  
  63  5:32  SCV  
  64  5:35  Missile Turret  
  64  5:36  Missile Turret  
  64  5:38  SCV  
  65  5:42  Missile Turret  
  65  5:44  SCV  
  65  5:49  Missile Turret  
  66  5:50  SCV, Missile Turret  
  66  5:52  Widow Mine x2  
  66  5:54  Missile Turret  
  66  5:56  SCV, Factory Tech Lab  
  72  6:03  SCV  
  64  6:08  SCV  
  64  6:12  Cyclone  
  64  6:15  SCV  
  64  6:17  Cyclone  
  71  6:20  SCV  
  71  6:25  Armory, Orbital Command  
  72  6:27  SCV  
  72  6:28  Armory  
  72  6:31  Hellion x2  
  77  6:33  SCV  
  77  6:38  Refinery  
  77  6:39  SCV  
  79  6:41  Missile Turret  
  79  6:42  Refinery  
  79  6:45  SCV, Cyclone  
  83  6:47  Supply Depot  
  83  6:49  Supply Depot  
  83  6:51  SCV  
  84  6:56  SCV  
  85  7:04  SCV x2, Cyclone  
  85  7:07  Mag-Field Accelerator  
  85  7:08  SCV  
  91  7:13  Hellion x2  
  95  7:16  SCV x2  
  95  7:17  Siege Tank  
  95  7:20  SCV  
  95  7:21  Terran Vehicle Weapons Level 1, Terran Vehicle And Ship Armor Level 1  
  95  7:22  Missile Turret  
  101  7:28  SCV x2  
  103  7:33  SCV  
  103  7:35  Supply Depot x2  
  103  7:36  Siege Tank  
  107  7:41  Hellion  
  109  7:53  Missile Turret, Command Center  
  109  7:56  Viking x2  
  109  7:57  SCV, Hellion  
  116  8:02  Barracks Tech Lab  
  116  8:03  SCV  
  116  8:04  SCV  
  116  8:05  Missile Turret  
  118  8:08  Command Center  
  118  8:11  Factory Tech Lab, Siege Tank  
  121  8:19  Hellion x2  
  125  8:23  Factory  
  125  8:24  Factory  
  125  8:26  Supply Depot x2  
  125  8:30  Supply Depot  
  125  8:40  SCV x3  
  128  8:47  Thor x2  
  140  8:53  Supply Depot  
  140  8:54  SCV x2  
  140  8:55  SCV  
  143  9:00  Missile Turret, Widow Mine  
  143  9:01  Missile Turret x2  
  145  9:05  Missile Turret x2  
  143  9:11  Factory Reactor  
  138  9:26  Missile Turret  
  138  9:27  Thor  
  138  9:28  Hellion x2, Terran Vehicle Weapons Level 2  
  138  9:29  Terran Vehicle And Ship Armor Level 2  
  148  9:37  Orbital Command  
  148  9:40  Refinery  
  148  9:41  Refinery  
  148  9:42  Thor  
  148  9:44  Planetary Fortress  
  154  9:46  Missile Turret  
  154  9:50  Missile Turret  
  152  9:53  SCV, Hellion x2  
  152  9:54  SCV  
  158  10:03  SCV  
  158  10:05  SCV  
  158  10:06  SCV x2  
  151  10:12  Thor  
  156  10:15  SCV  
  156  10:17  SCV  
  156  10:18  SCV, Missile Turret  
  156  10:19  Refinery  
  159  10:21  Missile Turret  
  159  10:22  Widow Mine  
  159  10:26  Missile Turret  
  161  10:28  Siege Tank  
  157  10:37  SCV x2  
  157  10:41  Missile Turret x2  
  157  10:42  Missile Turret  
  159  10:43  SCV  
  159  10:44  SCV  
  159  10:46  Widow Mine x2  
  159  10:47  Drilling Claws  
  159  10:48  Infernal Pre-Igniter  
  165  10:58  SCV  
  165  10:59  SCV x3  
  165  11:00  SCV  
  165  11:02  Refinery  
  170  11:06  Liberator  
  170  11:08  Missile Turret  
  170  11:10  Liberator  
  170  11:11  SCV x4  
  176  11:16  Siege Tank  
  179  11:20  Cyclone  
  165  11:26  SCV  
  165  11:30  SCV, Missile Turret  
  165  11:31  Missile Turret, Refinery  
  161  11:36  Missile Turret  
  161  11:37  Missile Turret  
  159  11:40  Missile Turret  
  159  11:42  Widow Mine x2  
  161  11:47  SCV  
  161  11:48  SCV x2  
  161  11:49  Liberator  
  161  11:52  Liberator  
  160  12:03  Hellion  
  160  12:04  Siege Tank  
  160  12:05  Hellion x3, Siege Tank  
  160  12:06  Hellion  
  160  12:07  SCV x3  
  149  12:08  SCV  
  149  12:09  SCV  
  146  12:19  SCV x3  
  146  12:21  Terran Vehicle Weapons Level 3  
  151  12:23  Widow Mine  
  151  12:25  Hellion  
  151  12:27  SCV  
  154  12:30  Siege Tank  
  154  12:31  Hellion  
  154  12:32  SCV  
  154  12:34  Hellion  
  154  12:35  SCV  
  163  12:40  Terran Vehicle And Ship Armor Level 3  
  163  12:44  Hellion, Siege Tank  
  163  12:45  Hellion  
  163  12:50  Viking x2  
  174  13:02  Hellion, Siege Tank  
  174  13:05  Hellion  
  161  13:06  Hellion, Siege Tank  
  161  13:08  Hellion  
  161  13:12  Hellion x2  
  156  13:16  Siege Tank  
  155  13:23  Hellion  
  155  13:27  Hellion  
  156  13:31  Hellion  
  156  13:32  Command Center  
  150  13:34  Siege Tank  
  150  13:36  Liberator x2  
  150  13:39  Siege Tank  
  162  13:43  Hellion, Command Center  
  164  13:48  Siege Tank  
  164  13:52  Refinery  
  164  13:55  Refinery  
  167  14:01  Hellion  
  169  14:05  Barracks  
  169  14:07  Siege Tank  
  169  14:09  Starport  
  172  14:11  Siege Tank  
  172  14:12  Hellion  
  172  14:13  Hellion  
  173  14:19  Hellion  
  173  14:20  Siege Tank  
  164  14:29  Hellion  
  146  14:39  Hellion, Siege Tank  
  146  14:42  Orbital Command  
  146  14:43  Siege Tank  
  152  14:48  Hellion  
  152  14:51  Hellion  
  152  14:52  Planetary Fortress, Sensor Tower, Siege Tank  
  152  14:58  SCV x2  
  157  15:02  Hellion  
  157  15:03  Hellion x3  
  151  15:09  SCV  
  151  15:11  Siege Tank  
  155  15:15  SCV x2  
  155  15:21  Siege Tank  
  158  15:34  Refinery  
  158  15:37  Missile Turret, Sensor Tower  
  158  15:38  Siege Tank  
  158  15:39  Hellion, Missile Turret  
  158  15:42  Hellion  
  154  15:43  SCV x2  
  154  15:45  SCV x2  
  154  15:48  SCV  
  148  15:51  Hellion  
  148  15:54  Hellion x2  
  154  15:58  SCV  
  154  16:00  SCV  
  154  16:01  Hellion  
  154  16:03  Hellion  
  158  16:07  SCV  
  158  16:08  SCV  
  158  16:10  Orbital Command  
  156  16:15  Thor  
  162  16:18  Viking  
  162  16:19  Viking  
  162  16:20  Starport Reactor  
  162  16:23  Factory  
  162  16:24  Factory  
  162  16:25  SCV  
  167  16:31  Thor  
  173  16:37  SCV  
  173  16:39  Thor  
  180  16:44  Missile Turret  
  180  16:46  Hellion  
  182  16:49  Terran Ship Weapons Level 1  
  182  16:59  Siege Tank  
  182  17:00  Hellion x2  
  179  17:03  Hellion  
  179  17:08  SCV  
  180  17:09  Hellion  
  180  17:15  Siege Tank  
  185  17:16  Orbital Command  
  185  17:17  Hellion  
  185  17:21  Hellion  
  185  17:22  Siege Tank  
  190  17:29  Hellion  
  192  17:31  Siege Tank  
  192  17:34  Hellion x8  
  192  17:35  Liberator  
  198  17:40  Hellion  
  200  17:56  Factory Tech Lab x2  
  200  18:04  Command Center  
  198  18:14  Missile Turret  
  198  18:30  Missile Turret  
  198  18:31  Missile Turret, Sensor Tower  
  198  18:32  Missile Turret, Command Center  
  198  18:33  Thor  
  183  18:45  Thor  
  189  18:49  Hellion x3  
  189  18:52  Hellion  
  189  19:15  Thor  
  195  19:20  Thor  
  192  19:27  Hellion  
  191  19:31  Hellion  
  189  19:40  Thor  
  189  19:41  Hellion  
  189  19:42  Siege Tank  
  189  19:43  Hellion  
  186  19:46  Hellion  
  188  20:01  Viking x2  
  192  20:08  Missile Turret x2  
  192  20:12  Hellion  
  194  20:15  Hellion, Missile Turret  
  194  20:20  Hellion  
  188  20:23  Hellion  
  188  20:27  Planetary Fortress  
  178  20:32  Hellion  
  178  20:33  Siege Tank  
  177  20:39  Siege Tank  
  180  20:44  Orbital Command  
  180  20:45  Siege Tank  
  180  20:49  Refinery  
  177  21:06  Hellion x2  
  177  21:09  Refinery  
  181  21:16  Cyclone x3  
  119  21:33  Thor  
  119  21:37  Orbital Command  
  119  21:38  Hellion  
  99  21:41  Hellion  
  99  21:42  Hellion x3  
  86  21:52  Cyclone  
  83  21:59  Cyclone  
  86  22:11  Cyclone  
  88  22:22  Hellion x4, Siege Tank  
  67  22:23  Siege Tank  
  66  22:33  Hellion  
  66  22:48  SCV  
  67  22:55  SCV  
Show
View Real Time Build Order
Export as new Build Order

SortOf Zerg - Winner!

Build Orders: Hatch First, Muta Ling Bane 

Get SALT Encoding   

  12  0:00  Drone  
  13  0:12  Overlord  
  13  0:17  Drone  
  14  0:31  Drone x2  
  16  0:48  Hatchery  
  15  0:51  Drone  
  15  0:55  Drone  
  17  1:00  Drone  
  18  1:13  Extractor  
  18  1:14  Spawning Pool  
  16  1:19  Drone  
  16  1:21  Drone  
  18  1:28  Drone  
  19  1:41  Drone  
  20  1:51  Overlord  
  20  2:01  Queen x2  
  20  2:02  Zergling x4  
  26  2:10  Drone  
  26  2:11  Drone  
  26  2:14  Metabolic Boost  
  28  2:22  Drone x2  
  30  2:28  Spore Crawler  
  29  2:33  Drone x2  
  31  2:38  Queen  
  31  2:43  Queen  
  36  2:48  Overlord  
  36  2:57  Overlord  
  36  3:08  Drone x4  
  36  3:09  Drone x3  
  43  3:15  Extractor  
  43  3:16  Lair  
  42  3:22  Drone  
  43  3:28  Drone x2  
  45  3:40  Hatchery, Drone x2  
  46  3:46  Baneling Nest  
  46  3:47  Zergling x4  
  47  3:53  Drone x2  
  49  3:55  Drone x2  
  49  4:01  Drone  
  52  4:06  Extractor  
  52  4:08  Overlord  
  51  4:13  Drone  
  51  4:14  Extractor  
  51  4:15  Overseer, Spire  
  51  4:17  Drone x2  
  52  4:26  Queen  
  52  4:29  Zergling x4  
  55  4:31  Zergling x6  
  55  4:37  Zergling x2  
  55  4:38  Evolution Chamber  
  56  4:39  Zergling x2  
  56  4:45  Drone x3  
  58  4:50  Overseer  
  55  4:53  Drone  
  55  4:55  Drone  
  55  4:58  Drone x2  
  60  5:02  Spore Crawler  
  57  5:14  Drone x4  
  57  5:18  Drone  
  61  5:27  Drone x7  
  66  5:34  Overlord  
  64  5:43  Drone x2  
  64  5:48  Overlord  
  64  5:50  Drone x2  
  64  5:54  Drone x2  
  68  5:59  Zergling x4  
  68  6:01  Spore Crawler  
  68  6:02  Drone  
  68  6:03  Drone x2  
  68  6:08  Mutalisk x4  
  76  6:14  Zerg Flyer Weapons Level 1  
  76  6:18  Mutalisk x2  
  76  6:21  Drone  
  76  6:22  Overlord  
  81  6:32  Baneling  
  81  6:33  Baneling x2  
  81  6:35  Overlord  
  81  6:38  Overlord  
  81  6:40  Extractor  
  81  6:41  Centrifical Hooks, Extractor  
  81  6:42  Mutalisk, Drone  
  81  6:45  Drone x6  
  88  6:48  Overlord  
  88  6:50  Drone  
  89  6:57  Drone x2  
  89  6:58  Zergling x4  
  89  6:59  Zergling x4  
  95  7:04  Drone x2  
  95  7:05  Drone  
  95  7:07  Mutalisk x2  
  98  7:13  Drone x4  
  102  7:21  Hatchery  
  101  7:26  Drone x2  
  101  7:27  Drone  
  101  7:28  Evolution Chamber x2, Drone  
  103  7:30  Mutalisk  
  103  7:36  Overlord x2  
  105  7:42  Roach Warren, Drone  
  105  7:44  Overlord  
  105  7:45  Pneumatized Carapace  
  105  7:50  Overlord  
  105  7:51  Overlord  
  105  7:53  Baneling x4  
  105  7:58  Mutalisk x3  
  105  8:02  Drone x3  
  114  8:09  Zerg Missile Weapons Level 1, Zerg Melee Weapons Level 1  
  114  8:10  Zergling x6  
  114  8:12  Mutalisk  
  117  8:15  Drone x3  
  123  8:20  Drone x3  
  123  8:22  Mutalisk  
  123  8:23  Mutalisk  
  123  8:25  Mutalisk  
  130  8:27  Zergling x4  
  130  8:30  Baneling x2  
  130  8:33  Overseer  
  132  8:36  Mutalisk  
  132  8:40  Drone x4, Extractor x2  
  132  8:41  Zergling x8  
  137  8:45  Zerg Flyer Weapons Level 2  
  136  8:49  Drone  
  136  8:50  Zergling x4  
  136  8:51  Overlord  
  136  8:54  Drone x2  
  141  8:59  Glial Reconstitution  
  141  9:00  Roach x4  
  149  9:11  Mutalisk x3  
  149  9:13  Overlord  
  149  9:14  Overlord x2  
  155  9:18  Zergling x6  
  155  9:19  Zergling x4  
  160  9:29  Overlord  
  160  9:34  Mutalisk  
  160  9:35  Mutalisk x4  
  160  9:36  Overlord  
  167  9:40  Baneling x5  
  167  9:41  Baneling  
  167  9:43  Hatchery  
  166  9:48  Overseer  
  166  9:49  Baneling x3  
  158  10:04  Zergling x30  
  158  10:05  Zergling x2  
  162  10:14  Zerg Melee Weapons Level 2  
  162  10:15  Zerg Missile Weapons Level 2  
  162  10:20  Infestation Pit, Overseer  
  161  10:24  Roach x7  
  161  10:25  Drone x2  
  177  10:28  Extractor  
  177  10:29  Zergling x12  
  178  10:39  Zergling x8  
  181  10:42  Ravager  
  181  10:44  Ravager x2  
  183  10:51  Overlord  
  183  10:53  Baneling x14  
  183  10:55  Baneling x6  
  183  10:56  Baneling x5  
  183  10:57  Overlord  
  183  11:02  Drone x7  
  190  11:06  Mutalisk x2  
  194  11:18  Drone x2  
  198  11:20  Extractor  
  193  11:28  Zergling x18  
  200  11:36  Ravager x3  
  200  11:37  Ravager  
  198  11:40  Hive  
  198  11:44  Burrow  
  157  12:07  Zergling x14, Roach x12  
  161  12:15  Roach x5  
  154  12:24  Overlord  
  154  12:25  Overlord  
  154  12:28  Ravager x8  
  154  12:29  Infestor x3  
  168  12:32  Hatchery  
  168  12:35  Zergling x12  
  173  12:37  Hatchery  
  173  12:41  Zergling x6  
  173  12:42  Zergling x6  
  178  12:45  Hatchery  
  178  12:46  Spine Crawler  
  178  12:47  Spine Crawler  
  178  12:49  Ravager  
  178  12:50  Baneling x20  
  176  12:54  Zergling x16  
  176  12:56  Roach  
  165  13:07  Roach x10  
  165  13:08  Baneling x4  
  175  13:16  Roach x9  
  175  13:19  Baneling x6  
  171  13:21  Zergling x4  
  171  13:31  Neural Parasite  
  167  13:37  Zergling x20  
  167  13:40  Drone x4  
  179  13:48  Ravager x7  
  186  13:49  Zergling x10  
  186  13:50  Zergling x2  
  192  13:57  Drone x7  
  192  14:02  Baneling x8  
  199  14:09  Greater Spire  
  197  14:11  Zergling x4  
  191  14:25  Zergling x2, Roach x5  
  191  14:26  Zergling x10  
  191  14:29  Infestor  
  191  14:30  Infestor x2  
  195  14:33  Zergling x20  
  197  14:43  Drone x3  
  197  14:46  Zerg Melee Weapons Level 3, Zerg Ground Armor Level 1  
  197  14:50  Pathogen Glands  
  190  14:59  Zergling x26  
  192  15:26  Baneling x2  
  192  15:27  Zergling x20  
  192  15:28  Zerg Flyer Weapons Level 3  
  195  15:38  Hatchery  
  195  15:42  Spine Crawler  
  155  15:43  Spine Crawler  
  155  15:48  Roach x11  
  155  15:49  Roach x4  
  149  15:58  Drone x8  
  149  16:00  Infestor  
  149  16:03  Infestor x2  
  162  16:07  Drone x3  
  162  16:10  Infestor x2  
  166  16:17  Ravager x6  
  172  16:21  Baneling x8  
  171  16:26  Zergling x14  
  178  16:37  Zergling x20  
  188  16:40  Zerg Missile Weapons Level 3  
  188  16:42  Baneling x10  
  188  16:45  Overlord  
  188  16:52  Zergling x18  
  188  16:54  Drone x3  
  198  16:58  Overseer x2  
  195  17:22  Corruptor x8  
  183  17:27  Overseer  
  199  17:41  Zerg Ground Armor Level 2  
  198  18:02  Spine Crawler, Extractor  
  198  18:04  Extractor  
  198  18:05  Zerg Flyer Armor Level 1  
  187  18:15  Drone  
  187  18:16  Drone x6  
  187  18:19  Spine Crawler x2  
  192  18:21  Hatchery  
  192  18:23  Zergling x14  
  199  18:30  Hatchery  
  193  18:37  Drone x2  
  193  18:38  Drone x2  
  188  18:44  Zergling x28  
  188  18:47  Baneling x3  
  200  19:01  Ravager x3  
  200  19:02  Ravager x4  
  200  19:09  Extractor x2  
  194  19:28  Zergling x18  
  182  19:46  Zergling x34  
  199  19:54  Baneling x6  
  199  20:04  Zerg Flyer Armor Level 2  
  199  20:07  Overseer  
  195  20:19  Zergling x30  
  197  20:22  Baneling x4  
  197  20:27  Zergling x20  
  195  20:39  Zergling x8  
  199  20:44  Baneling x4  
  199  20:45  Baneling  
  195  20:57  Zergling x10  
  198  21:11  Spine Crawler  
  198  21:12  Spine Crawler  
  198  21:15  Zergling x8  
  172  21:32  Zergling x54  
  177  21:39  Roach x9  
  195  21:42  Infestor x8  
  195  21:44  Zergling x10  
  199  21:53  Baneling  
  199  21:54  Baneling x25  
  199  21:58  Overlord  
  183  22:24  Zergling x32  
  189  22:41  Evolution Chamber  
  189  22:42  Zergling x22  
  189  22:44  Baneling x6  
Tags
 
Add a new tag
Caveats
  • Supply blocks, unpowered buildings, or Contaminate may cause inaccurate times.
  • Supply counts are checked every 10 seconds.